Description

TvZ battlemech written down from beastyQT

VOD

https://www.youtube.com/watch?v=Ick-YR4LyVQ

Build Order

Get SALT Encoding   

  14  0:19  Supply Depot  
  15  0:35  Refinery  
  16  0:46  Barracks  
  19  1:33  Orbital Command  
  19  1:34  Reaper  
  20  1:46  Command Center  
  20  1:57  Factory  
  21  2:10  Supply Depot  
  21  2:12  Barracks Reactor  
  22  2:20  Refinery  
  24  2:48  Starport  
  25  2:55  Hellion x2  
  29  2:57  Barracks Tech Lab  
  29  3:00  Orbital Command  
  37  3:31  Cloaking Field  
  37  3:32  Banshee  
  65  4:47  Command Center  
  77  5:15  Factory x2  
  77  5:19  Refinery x2  
  77  5:30  Armory  
Spawning Tool Build Advisor. Get it on Overwolf

Go to:

Details

  • Created by: Noudz
  • Published on: Aug 03, 2019
  • Modified on: Aug 03, 2019
  • Patch: 4.7.1
Show
View Real Time Build Order
Export as new Build Order

Comments (0)

There are no comments. Be the first!

Create an account to comment!